 Dungeon Crawl Stone Soup version 0.28-a0-1387-g3a22ab9bdc (webtiles) character file.

Game seed: 13304463355400843892

3269 ragingrage the Cleaver (level 10, -1/73 HPs)
             Began as a Gnoll Wanderer on Jan 2, 2022.
             Slain by a fire elemental (7 damage)
             ... summoned by a deep elf pyromancer
             ... on level 7 of the Dungeon.
             The game lasted 00:11:37 (10815 turns).

ragingrage the Cleaver (Gnoll Wanderer)            Turns: 10815, Time: 00:11:37

Health: -1/73      AC:  7    Str: 16    XL:     10   Next: 0%
Magic:  17/18      EV: 13    Int: 18    God:
Gold:   447        SH:  0    Dex: 11    Spells: 19/20 levels left

rFire   . . .      SeeInvis .   a - +2 hand axe (vorpal)
rCold   . . .      Faith    .   (no shield)
rNeg    . . .      Spirit   .   c - +0 leather armour
rPois   +          Reflect  .   t - +0 helmet
rElec   .          Harm     .   b - +1 cloak
rCorr   .          Rampage  .   (no gloves)
Will    .....                   (no boots)
Stlth   ++........              (no amulet)
HPRegen 0.22/turn               x - ring of poison resistance
MPRegen 0.16/turn               E - +6 ring of intelligence

@: no status effects
A: fangs 1, strong nose, distributed training
a: no special abilities


You were on level 7 of the Dungeon.
You visited 2 branches of the dungeon, and saw 9 of its levels.
You also visited: Ossuary.

You collected 447 gold pieces.

Inventory:

Hand Weapons
 a - a +2 vorpal hand axe (weapon)
 j - a +1 whip of freezing
 B - a +3 dagger of speed
 L - a +1 rapier of electrocution
 O - a +2 antimagic long sword
Missiles
 d - 3 curare-tipped darts (quivered)
 f - 73 sling bullets
 i - 101 arrows
 w - 50 poisoned darts
 J - 9 javelins
Armour
 b - a +1 cloak (worn)
 c - a +0 leather armour (worn)
 o - a +0 kite shield
 t - a +0 helmet (worn)
Jewellery
 u - a +6 ring of dexterity
 x - a ring of poison resistance (left hand)
 E - a +6 ring of intelligence (right hand)
 N - an amulet of the acrobat
Wands
 y - a wand of mindburst (11)
 A - a wand of digging (7)
Scrolls
 l - a scroll of noise
 p - 4 scrolls of immolation {unknown}
 s - 2 scrolls of teleportation
 v - a scroll of brand weapon {unknown}
 C - a scroll of fear {unknown}
 D - 4 scrolls of identify
 F - a scroll of enchant weapon {unknown}
 H - a scroll of enchant armour
 I - a scroll of blinking
 K - 2 scrolls of amnesia
Potions
 e - 5 potions of degeneration {unknown}
 g - 3 potions of curing
 h - 2 potions of cancellation {unknown}
 k - 6 potions of flight {unknown}
 m - a potion of ambrosia {unknown}
 n - a potion of lignification
 q - 2 potions of brilliance
 r - 4 potions of heal wounds
 z - 2 potions of mutation {unknown}
 G - 2 potions of might {unknown}
 M - 2 potions of haste {unknown}


   Skills:
 + Level 4.8 Fighting
 + Level 4.8 Short Blades
 + Level 4.8 Long Blades
 + Level 8.2 Axes
 + Level 4.8 Maces & Flails
 + Level 4.8 Polearms
 + Level 4.8 Staves
 + Level 4.8 Slings
 + Level 4.8 Bows
 + Level 4.8 Crossbows
 + Level 4.8 Throwing
 + Level 5.5 Armour
 + Level 5.5 Dodging
 + Level 4.8 Stealth
 + Level 4.8 Shields
 + Level 4.8 Unarmed Combat
 + Level 5.6 Spellcasting
 + Level 3.9 Conjurations
 + Level 3.9 Hexes
 + Level 3.9 Summonings
 + Level 3.9 Necromancy
 + Level 3.9 Translocations
 + Level 3.9 Transmutations
 + Level 5.5 Fire Magic
 + Level 3.9 Ice Magic
 + Level 3.9 Air Magic
 + Level 3.9 Earth Magic
 + Level 3.9 Poison Magic
 + Level 7.0 Invocations
 + Level 4.8 Evocations


You had 19 spell levels left.
You knew the following spells:

 Your Spells              Type           Power      Damage    Failure   Level
a - Foxfire               Conj/Fire      88%        2x1d8     1%          1

Your spell library contained the following spells:

 Spells                   Type           Power      Damage    Failure   Level
 Passwall                 Tmut/Erth      15%        N/A       4%          2
 Ignite Poison            Fire/Tmut/Pois 21%        N/A       7%          3
 Ozocubu's Armour         Ice            19%        N/A       9%          3
 Swiftness                Air            19%        N/A       9%          3
 Flame Wave               Conj/Fire      22%        2d6       21%         4
 Metabolic Englaciation   Hex/Ice        9%         N/A       63%         5
 Summon Forest            Summ/Tloc      9%         N/A       63%         5
 Summon Mana Viper        Hex/Summ       19%        N/A       63%         5
 Simulacrum               Ice/Necr       9%         N/A       99%         6
 Summon Cactus Giant      Summ           9%         N/A       99%         6


Dungeon Overview and Level Annotations

Branches:
Dungeon (8/15)             Temple (1/1) D:4         Ossuary (visited)
   Lair: D:8-11

Altars:
Ashenzari
Cheibriados
Dithmenos
Fedhas
Hepliaklqana
Kikubaaqudgha
Okawaru
Qazlal
Ru
Sif Muna
Trog
Uskayaw
Wu Jian
Xom
Yredelemnul
Zin
The Shining One

Shops:
D:1 (   D:7 (

Annotations:
D:4 1 runed translucent door, Crazy Yiuf
D:7 exclusion: downstairs


Innate Abilities, Weirdness & Mutations

You have very sharp teeth.
Your uncanny sense of smell can sniff out nearby items.
Your experience applies equally to all skills.


Message History

The deep elf pyromancer mumbles some strange words.
Casting: Foxfire (safe; 1% risk of failure)
Confirm with . or Enter, or press ? or * to list all spells.
You conjure some foxfire!
The foxfire hits the fire elemental.
The fire elemental completely resists.
The foxfire hits the fire elemental.
The fire elemental completely resists.
The foxfire hits the fire elemental.
The fire elemental completely resists.
Your foxfire dissipates!
The fire elemental barely misses you. The fire elemental misses you.
The deep elf pyromancer gestures at you while chanting.
The bolt of fire hits you! The fire elemental hits you.
The fire elemental burns you! The fire elemental barely misses you.
The fire elemental hits you. The fire elemental burns you!
The fire elemental hits you. The fire elemental burns you!
You barely miss the deep elf pyromancer.
The deep elf pyromancer is moderately wounded.
You hit the fire elemental but do no damage. x2
The fire elemental misses you. The fire elemental hits you.
The fire elemental burns you!
The deep elf pyromancer hits you with a +0 long sword!
* * * LOW HITPOINT WARNING * * *
You hit the deep elf pyromancer.
Your bite misses the deep elf pyromancer.
The deep elf pyromancer is heavily wounded.
You hit the fire elemental. x2; The fire elemental barely misses you. x2
You closely miss the deep elf pyromancer.
The deep elf pyromancer is heavily wounded.
You hit the fire elemental. You closely miss the fire elemental.
The deep elf pyromancer looks more healthy.
The fire elemental barely misses you. The fire elemental hits you.
The fire elemental burns you!
* * * LOW HITPOINT WARNING * * *
The deep elf pyromancer hits you but does no damage.
You hit the deep elf pyromancer.
The deep elf pyromancer is severely wounded.
You closely miss the fire elemental. You barely miss the fire elemental.
The fire elemental completely misses you.
The fire elemental hits you. The fire elemental burns you!
You die...

######
######....############
...........#....<§...# .
..........♣##...§§...#
............♣.#..§§....#
...........(.♣#...V....#
........e._♣#........#
####'##..@E..♣##'###..####
#.......E...♣♣#....#### #.
#............##....# #.
#............##....# #.
#...........###....# #.
#...........# #....# #.
#..........## #....# #.
#..........####....#######
###....#'####...>##.......


You could see a deep elf pyromancer (slow) and 2 fire elementals.

Vanquished Creatures
  A two-headed ogre (D:7)
  Pikel (D:4)
  Grinder (D:4)
  A wraith (Ossuary)
  Eustachio (D:5)
  Menkaure (D:5)
  A sky beast (D:6)
  A black bear (D:5)
  A necrophage (D:5)
  2 centaurs
  A phantom (D:6)
  A kobold brigand (D:6)
  A bullfrog (D:6)
  A hound (D:5)
  5 centaur skeletons
  3 orc priests
  Ijyb (D:4)
  A gnoll shaman (D:5)
  Natasha (thrice) (D:2)
  2 iguanas
  2 orc wizards (D:5)
  A killer bee zombie (D:6)
  4 mummies
  A hound skeleton (D:4)
  18 gnolls
  An adder (D:5)
  An adder skeleton (D:4)
  6 worms (D:2)
  4 dart slugs
  23 orcs
  5 endoplasms
  3 giant cockroaches
  4 goblins
  4 hobgoblins
  8 kobolds
  4 quokkas
  8 ball pythons
  8 bats
  10 frilled lizards
  A goblin zombie (Ossuary)
  3 hobgoblin zombies (Ossuary)
  4 kobold zombies (Ossuary)
  An orc zombie (Ossuary)
  4 rats
158 creatures vanquished.

Vanquished Creatures (collateral kills)
  An ogre (D:6)
  4 foxfires
5 creatures vanquished.

Vanquished Creatures (others)
  An orc wizard (D:4)
  569 foxfires
  7 plants
577 creatures vanquished.

Grand Total: 740 creatures vanquished

Notes
Turn   | Place    | Note
-------+----------+-------------------------------------------
     0 | D:1      | ragingrage the Gnoll Wanderer began the quest for the Orb.
     0 | D:1      | ragingrage set off with the following items: a +0 hand axe,
                  | a +0 cloak, a +0 leather armour; and the following spell
                  | memorised: Foxfire; and the following spells available to
                  | memorise: Ignite Poison, Flame Wave
     0 | D:1      | Reached XP level 1. HP: 13/13 MP: 4/4
    90 | D:1      | Reached XP level 2. HP: 19/19 MP: 5/5
   381 | D:1      | Found Ahonit's Antique Weapon Shoppe.
   691 | D:2      | Reached XP level 3. HP: 22/25 MP: 1/7
  1555 | D:2      | Found a faded altar of an unknown god.
  1653 | D:2      | Noticed Natasha
  1666 | D:2      | Killed Natasha
  1667 | D:2      | Reached skill level 1 in Fighting
  1667 | D:2      | Reached skill level 1 in Short Blades
  1667 | D:2      | Reached skill level 1 in Long Blades
  1667 | D:2      | Reached skill level 1 in Maces & Flails
  1667 | D:2      | Reached skill level 1 in Polearms
  1667 | D:2      | Reached skill level 1 in Staves
  1667 | D:2      | Reached skill level 1 in Slings
  1667 | D:2      | Reached skill level 1 in Bows
  1667 | D:2      | Reached skill level 1 in Crossbows
  1667 | D:2      | Reached skill level 1 in Throwing
  1667 | D:2      | Reached skill level 1 in Stealth
  1667 | D:2      | Reached skill level 1 in Shields
  1667 | D:2      | Reached skill level 1 in Unarmed Combat
  1667 | D:2      | Reached skill level 1 in Evocations
  1667 | D:2      | Reached XP level 4. HP: 14/32 MP: 0/8
  1912 | D:2      | Noticed Natasha
  1923 | D:2      | Killed Natasha
  1924 | D:2      | Reached skill level 1 in Conjurations
  1924 | D:2      | Reached skill level 1 in Hexes
  1924 | D:2      | Reached skill level 1 in Summonings
  1924 | D:2      | Reached skill level 1 in Necromancy
  1924 | D:2      | Reached skill level 1 in Translocations
  1924 | D:2      | Reached skill level 1 in Transmutations
  1924 | D:2      | Reached skill level 1 in Ice Magic
  1924 | D:2      | Reached skill level 1 in Air Magic
  1924 | D:2      | Reached skill level 1 in Earth Magic
  1924 | D:2      | Reached skill level 1 in Poison Magic
  2175 | D:2      | Noticed Natasha
  2186 | D:2      | Killed Natasha
  2187 | D:2      | Reached XP level 5. HP: 37/37 MP: 1/9
  3112 | D:3      | Found a hazy altar of Hepliaklqana.
  3756 | D:4      | Found a staircase to the Ecumenical Temple.
  3797 | Temple   | Entered the Ecumenical Temple
  4020 | D:4      | Noticed Ijyb
  4045 | D:4      | Killed Ijyb
  4046 | D:4      | Reached skill level 5 in Invocations
  4046 | D:4      | Reached XP level 6. HP: 3/44 MP: 1/10
  5008 | D:4      | Noticed Grinder
  5018 | D:4      | Killed Grinder
  5019 | D:4      | Reached skill level 7 in Axes
  5019 | D:4      | Reached XP level 7. HP: 50/50 MP: 0/12
  5317 | D:4      | Found a runed translucent door.
  5318 | D:4      | Noticed Crazy Yiuf
  5862 | D:5      | Entered Level 5 of the Dungeon
  5911 | D:5      | Noticed Pikel
  5972 | D:4      | Killed Pikel
  5973 | D:4      | Reached XP level 8. HP: 24/58 MP: 12/14
  6626 | D:5      | Noticed Menkaure
  6630 | D:5      | Killed Menkaure
  6710 | D:5      | Noticed Eustachio
  6884 | D:6      | Reached skill level 5 in Fire Magic
  6884 | D:6      | Reached XP level 9. HP: 29/65 MP: 2/16
  6928 | D:6      | Found a sand-covered staircase.
  6938 | Ossuary  | Entered an ossuary
  7920 | D:6      | Reached skill level 5 in Spellcasting
  8410 | D:6      | Reached skill level 5 in Armour
  8410 | D:6      | Reached skill level 5 in Dodging
  9057 | D:5      | Killed Eustachio
 10198 | D:7      | Reached skill level 8 in Axes
 10295 | D:7      | Noticed a deep elf pyromancer
 10295 | D:7      | Noticed a two-headed ogre
 10382 | D:7      | Found Heumy's Weapon Shop.
 10621 | D:7      | Killed a two-headed ogre
 10622 | D:7      | Reached XP level 10. HP: 32/73 MP: 11/18
 10805 | D:7      | Found a glowing silver altar of Zin.
 10815 | D:7      | Slain by a fire elemental

Illustrated notes

Levels and vault maps discovered:
D:1:      scummos_arrival_forest, layout_basic, serial_shops,
          nicolae_shop_behind_doors
D:2:      kennysheep_big_flooded_room, layout_loops_cross,
          hellmonk_ecumenical_altar_crossroads, nicolae_wormholes, uniq_natasha
D:3:      layout_basic, amcnicky_altar_gilded, serial_bayou,
          serial_bayou_crossing, serial_bayou_shore_a, serial_bayou_lagoon_b,
          serial_bayou_pond_d
D:4:      layout_gridville, minmay_temple_entry_mini_moons, minmay_lizard_king,
          uniq_grinder, uniq_crazy_yiuf_cottage, uniq_ijyb
D:5:      layout_gridville, uniq_pikel, uniq_menkaure, uniq_eustachio
D:6:      layout_gridville, gup_ossuary_entry_pyramid, kennysheep_boxes
D:7:      layout_gridville, zin_academy, serial_shops,
          nicolae_shop_window_shopping, minmay_shattered_shrine
D:8:      hangedman_cross_stitches, layout_gridville, marbit_many_paths,
          david_lair_shrubbed, serial_shops, nicolae_shop_advertising_works
          [nicolae_subvault_shop_adworks], uniq_harold
Temple:   regret_index_temple_waves

Skill      XL: |  1  2  3  4  5  6  7  8  9 |
---------------+----------------------------+-----
Fighting       | 1 2 3 4 |  4.8
Short Blades   | 1 2 3 4 |  4.8
Long Blades    | 1 2 3 4 |  4.8
Maces & Flails | 1 2 3 4 |  4.8
Polearms       | 1 2 3 4 |  4.8
Staves         | 1 2 3 4 |  4.8
Slings         | 1 2 3 4 |  4.8
Bows           | 1 2 3 4 |  4.8
Crossbows      | 1 2 3 4 |  4.8
Throwing       | 1 2 3 4 |  4.8
Stealth        | 1 2 3 4 |  4.8
Shields        | 1 2 3 4 |  4.8
Unarmed Combat | 1 2 3 4 |  4.8
Evocations     | 1 2 3 4 |  4.8
Spellcasting   | 3 4 5 |  5.6
Conjurations   | 1 2 3 |  3.9
Hexes          | 1 2 3 |  3.9
Summonings     | 1 2 3 |  3.9
Necromancy     | 1 2 3 |  3.9
Translocations | 1 2 3 |  3.9
Transmutations | 1 2 3 |  3.9
Ice Magic      | 1 2 3 |  3.9
Air Magic      | 1 2 3 |  3.9
Earth Magic    | 1 2 3 |  3.9
Poison Magic   | 1 2 3 |  3.9
Armour         | 3 4 5 |  5.5
Dodging        | 3 4 5 |  5.5
Fire Magic     | 4 5 |  5.5
Invocations    | 5 6 7 |  7.0
Axes           | 7 8 |  8.2

Action                   |  1- 3 |  4- 6 |  7- 9 | 10-12 || total
-------------------------+-------+-------+-------+-------++-------
Melee: Hand axe          |    56 |    62 |   141 |     4 ||   263
       Bite              |     5 |     5 |    15 |       ||    25
       Punch             |       |     1 |     2 |       ||     3
       Whip              |       |       |    14 |       ||    14
Throw: Dart              |       |       |     7 |     1 ||     8
 Cast: Foxfire           |    37 |   137 |   163 |     3 ||   340
Evoke: Wand              |       |     2 |     1 |       ||     3
  Use: Scroll            |       |       |     9 |       ||     9
       Potion            |       |       |     1 |       ||     1
 Stab: Sleeping          |       |       |     1 |       ||     1
Armor: Leather armour    |    18 |    15 |    76 |     7 ||   116
       Skin              |       |       |    22 |       ||    22
Dodge: Dodged            |    51 |    45 |   161 |     9 ||   266

Table legend: (Time is in decaauts)
 A = Elapsed time spent in this place.
 B = Non-inter-level travel time spent in this place.
 C = Inter-level travel time spent in this place.
 D = Time resting spent in this place.
 E = Time spent auto-exploring this place.
 F = Levels seen in this place.
 G = Mean time per level.
                   A        B        C        D        E       F      G
               +--------+--------+--------+--------+--------+-----+--------+
         Total |  10857 |  10361 |    496 |   3237 |   5338 |  10 | 1085.7 |
       Dungeon |   9935 |   9460 |    475 |   2983 |   4838 |   8 | 1241.9 |
        Temple |    136 |    115 |     21 |      0 |     91 |   1 |  136.0 |
       Ossuary |    785 |    785 |      0 |    254 |    409 |   1 |  785.0 |
               +--------+--------+--------+--------+--------+-----+--------+

Top non-repeatable levels by time:
     D:2: 1944 daAuts
     D:4: 1894 daAuts
     D:6: 1746 daAuts
     D:3: 1506 daAuts
     D:5: 1359 daAuts
     D:1: 876 daAuts
 Ossuary: 785 daAuts
     D:7: 604 daAuts
  Temple: 136 daAuts
     D:8: 1 daAuts
